 Dungeon Crawl Stone Soup version 0.30.1-11-g7821555f0a (webtiles) character file.

Game seed: 16127642390354705383

32 comborobin the Trooper (level 3, -3/34 HPs)
             Began as a Hill Orc Delver on Dec 23, 2023.
             Was an Initiate of Cheibriados.
             Slain by a sleepcap (4 damage)
             ... on level 4 of the Dungeon.
             The game lasted 00:00:54 (571 turns).

comborobin the Trooper (Hill Orc Delver)             Turns: 571, Time: 00:00:55

Health: -3/34      AC:  3    Str: 17    XL:     3   Next: 25%
Magic:  3/3        EV: 11    Int: 11    God:    Cheibriados [......]
Gold:   16         SH:  0    Dex: 13    Spells: 2/2 levels left

rFire   . . .        a - +0 hand axe
rCold   . . .        (no shield)
rNeg    . . .        b - +0 leather armour
rPois   .            (no helmet)
rElec   .            (no cloak)
rCorr   .            (no gloves)
SInv    .            (no boots)
Will    .....        (no amulet)
Stlth   ++           (no ring)
HPRegen 0.25/turn    (no ring)
MPRegen 0.08/turn

%: no passive effects
@: very slow
A: no striking features
a: Renounce Religion


You were on level 4 of the Dungeon.
You worshipped Cheibriados.
Cheibriados was noncommittal.
You visited 2 branches of the dungeon, and saw 3 of its levels.

You collected 16 gold pieces.

Inventory:

Hand Weapons
 a - a +0 hand axe (weapon)
Armour
 b - a +0 leather armour (worn)
Wands
 g - a wand of digging (3)
Scrolls
 c - 2 scrolls of fog


   Skills:
 + Level 4.4 Fighting
 + Level 3.9 Axes
 - Level 1.5 Dodging
 - Level 4.1 Stealth


You had 2 spell levels left.
You didn't know any spells.
Your spell library contained the following spells:

 Spells                   Type           Power      Damage    Failure   Level
 Kiss of Death            Conj/Necr      0%         2d5       41%         1
 Confusing Touch          Hex            0%         N/A       78%         3
 Dispel Undead            Necr           0%         3d6       99%         4


Dungeon Overview and Level Annotations

Branches:
Dungeon (5/15)             Temple (1/1) D:5

Altars:
Ashenzari
Cheibriados
Dithmenos
Elyvilon
Gozag
Hepliaklqana
Kikubaaqudgha
Makhleb
Nemelex Xobeh
Okawaru
Qazlal
Sif Muna
Trog
Uskayaw
Vehumet
Wu Jian
Xom
Zin


Message History

The sleepcap barely misses you.
You hit the sleepcap but do no damage.
The sleepcap is moderately damaged.
The sleepcap completely misses you.
You hit the sleepcap but do no damage.
The sleepcap is moderately damaged.
The sleepcap releases spores at you!
You are engulfed in a cloud of soporific spores!
You fall asleep.
The sleepcap releases spores at you!
You wake up.
You are engulfed in a cloud of soporific spores!
You are unaffected.
Unknown command.
You hit the sleepcap.
The sleepcap is moderately damaged.
The sleepcap releases spores at you.
You are engulfed in a cloud of soporific spores!
You are unaffected.
You hit the sleepcap but do no damage.
The sleepcap is moderately damaged.
The sleepcap releases spores at you.
* * * LOW HITPOINT WARNING * * *
You hit the sleepcap but do no damage.
The sleepcap is moderately damaged.
The sleepcap releases spores at you.
* * * LOW HITPOINT WARNING * * *
The sleepcap barely misses you.
You hit the sleepcap.
The sleepcap is heavily damaged.
The sleepcap releases spores at you.
* * * LOW HITPOINT WARNING * * *
You are engulfed in a cloud of soporific spores!
You are unaffected.
Okay, then.
You aren't carrying any potions.
Okay, then.
You hit the sleepcap.
The sleepcap is heavily damaged.
The sleepcap releases spores at you.
You die...

#.......................
+.......................
#..........#............
#.........###............
#..######## #............
#..##....## #############
#.........##### #....##
............(.#####....##
.....#...@####....##......
.......f# ####.##.....#
........# ###.##...>..
........# #.......!.##
........#####........(.#
####............######.#
#..............# #.#
#..............# #.#
..........# #.#


You could see a sleepcap.

Vanquished Creatures
  A hound (D:4)
  2 endoplasms (D:4)
3 creatures vanquished.

Notes
Turn   | Place    | Note
-------+----------+-------------------------------------------
     0 | D:5      | comborobin the Hill Orc Delver began the quest for the Orb.
     0 | D:5      | Reached XP level 1. HP: 19/19 MP: 1/1
     2 | D:5      | Noticed a howler monkey
    13 | D:5      | Found a staircase to the Ecumenical Temple.
    20 | Temple   | Entered the Ecumenical Temple
    27 | Temple   | Became a worshipper of Cheibriados the Contemplative
    41 | D:5      | Noticed a scorpion
    43 | D:5      | Noticed a hound
    62 | D:4      | Killed a hound
    63 | D:4      | Reached XP level 2. HP: 6/28 MP: 2/2
    63 | D:4      | Reached XP level 3. HP: 7/34 MP: 3/3
   570 | D:4      | HP: 1/34 [sleepcap (3)]
   571 | D:4      | Slain by a sleepcap

Illustrated notes

Levels and vault maps discovered:
D:4:      corexii_shantytown, layout_basic, minivault_19,
          chequers_serial_rivers_room_b
D:5:      kennysheep_six_static_rooms, layout_basic,
          lemuel_mausoleum_altar_yredelemnul, minmay_temple_entry_arrows,
          serial_shops, shop, gup_sewer_entry_spiral, uniq_blork_the_orc,
          uniq_edmund
Temple:   nicolae_temple_no_exploring_needed

Skill      XL: |  1 |
---------------+----+-----
Fighting       | 4 |  4.4
Axes           | 3 |  3.9
Dodging        | |  1.5
Stealth        | |  4.1

Action                     || total
---------------------------++-------
  Melee: Hand axe          ||    23
    Use: Scroll            ||     2
 Armour: Leather armour    ||     5
  Dodge: Dodged            ||    18
